| TOP OF THE 1ST |
|
Washington (APP) Nationals batting - Pitching for Kingsport Mets : RHP David Koski
|
|
Pitching: RHP David Koski
|
|
|
Batting: RHB John Savard
|
0-0: Ball 1-0: Fly out, F8 (Flyball, 8RXD, EV 108.8 MPH)
|
|
Batting: RHB Nick Moreno
|
0-0: Called Strike 0-1: Foul Ball, location: 2F 0-2: Ball 1-2: Ball 2-2: Ball 3-2: Base on Balls
|
|
Batting: RHB Jared Speck
|
0-0: Ball Nick Moreno steals 2nd base 1-0: Swinging Strike 1-1: Swinging Strike 1-2: Ball 2-2: Foul Ball, location: 2F 2-2: Foul Ball, location: 2F 2-2: Fly out, F4 (Flyball, 4D, EV 89.4 MPH)
|
|
Batting: RHB Kevin Whitenack
|
0-0: Ball 1-0: Called Strike 1-1: Foul Ball, location: 2F 1-2: Ball Wild Pitch! Nick Moreno to third 2-2: Ball 3-2: DOUBLE (Line Drive, 89D, EV 107.5 MPH) Nick Moreno scores
|
|
Batting: RHB Jon Buscher
|
0-0: Ball 1-0: Ball 2-0: Ball 3-0: Base on Balls
|
|
Batting: RHB Steve Bauman
|
0-0: Foul Ball, location: 2F 0-1: Ball 1-1: Foul Ball, location: 2F 1-2: Foul Ball, location: 2F 1-2: Fly out, F8 (Flyball, 8LM, EV 81.2 MPH)
|
| Top of the 1st over - 1 run, 1 hit, 0 errors, 2 left on base; Washington (APP) 1 - Kingsport 0 |
| BOTTOM OF THE 1ST |
|
Kingsport Mets batting - Pitching for Washington (APP) Nationals : RHP Gary Simmons
|
|
Pitching: RHP Gary Simmons
|
|
|
Batting: RHB John Jones
|
0-0: Ball 1-0: Swinging Strike 1-1: Swinging Strike 1-2: Strikes out swinging
|
|
Batting: RHB Josh Jones
|
0-0: Fly out, F3 (Popup, 23F, EV 86.2 MPH)
|
|
Batting: RHB Steve Page
|
0-0: Called Strike 0-1: Swinging Strike 0-2: Ball 1-2: Ball 2-2: Foul Ball, location: 2F 2-2: Strikes out looking
|
| Bottom of the 1st over - 0 runs, 0 hits, 0 errors, 0 left on base; Washington (APP) 1 - Kingsport 0 |
| TOP OF THE 2ND |
|
Washington (APP) Nationals batting - Pitching for Kingsport Mets : RHP David Koski
|
|
Batting: RHB Derek Moran
|
0-0: Ball 1-0: Foul Ball, location: 2F 1-1: Swinging Strike 1-2: SINGLE (Groundball, 25, EV 75.6 MPH) (infield hit)
|
|
Batting: RHB Naofumi Ishida
|
0-0: Ball 1-0: Ball 2-0: Called Strike Derek Moran steals 2nd base 2-1: Ball 3-1: Swinging Strike 3-2: Strikes out looking
|
|
Batting: RHB Brian Walker
|
0-0: Called Strike 0-1: SINGLE (Groundball, 6MS, EV 86.9 MPH) (infield hit) Derek Moran to third
|
|
Batting: RHB John Savard
|
0-0: Ball 1-0: Called Strike 1-1: TRIPLE (Line Drive, 89XD, EV 110.6 MPH) Derek Moran scores Brian Walker scores
|
|
Batting: RHB Nick Moreno
|
0-0: Called Strike 0-1: Swinging Strike 0-2: Ball 1-2: Foul Ball, location: 2F 1-2: Strikes out looking
|
|
Batting: RHB Jared Speck
|
0-0: Swinging Strike 0-1: Called Strike 0-2: Ball 1-2: Ball 2-2: Foul Ball, location: 2F 2-2: Ground out 5-3 (Groundball, 56S, EV 90.0 MPH)
|
| Top of the 2nd over - 2 runs, 3 hits, 0 errors, 1 left on base; Washington (APP) 3 - Kingsport 0 |
| BOTTOM OF THE 2ND |
|
Kingsport Mets batting - Pitching for Washington (APP) Nationals : RHP Gary Simmons
|
|
Batting: RHB Kyle Holland
|
0-0: Swinging Strike 0-1: Swinging Strike 0-2: Ball 1-2: Strikes out swinging
|
|
Batting: SHB Jason Evans
|
0-0: Called Strike 0-1: Ball 1-1: Swinging Strike 1-2: Strikes out swinging
|
|
Batting: RHB Jerry Burch
|
0-0: Foul Ball, location: 2F 0-1: Ball 1-1: Ball 2-1: Fly out, F8 (Flyball, 8LD, EV 77.5 MPH)
|
| Bottom of the 2nd over - 0 runs, 0 hits, 0 errors, 0 left on base; Washington (APP) 3 - Kingsport 0 |
| TOP OF THE 3RD |
|
Washington (APP) Nationals batting - Pitching for Kingsport Mets : RHP David Koski
|
|
Batting: RHB Kevin Whitenack
|
0-0: Ball 1-0: Called Strike 1-1: Swinging Strike 1-2: Ball 2-2: Foul Ball, location: 2F 2-2: Ball 3-2: SOLO HOME RUN (Flyball, 78XD, EV 96.9 MPH), Distance : 397 ft
|
|
Batting: RHB Jon Buscher
|
0-0: Ball 1-0: Called Strike 1-1: Foul Ball, location: 2F 1-2: Ball 2-2: Strikes out swinging
|
|
Batting: RHB Steve Bauman
|
0-0: Ball 1-0: Ball 2-0: TRIPLE (Line Drive, 78XD, EV 103.1 MPH)
|
|
Batting: RHB Derek Moran
|
0-0: Ball Wild Pitch! Steve Bauman scores 1-0: DOUBLE (Line Drive, 8RD, EV 101.9 MPH)
|
|
Pitching: RHP Danny Helm
|
|
|
Batting: RHB Naofumi Ishida
|
0-0: Ground out 5-3 (Groundball, 5L, EV 78.8 MPH)
|
|
Batting: RHB Brian Walker
|
0-0: Ball 1-0: Ground out 5-3 (Groundball, 56S, EV 86.9 MPH)
|
| Top of the 3rd over - 2 runs, 3 hits, 0 errors, 1 left on base; Washington (APP) 5 - Kingsport 0 |
| BOTTOM OF THE 3RD |
|
Kingsport Mets batting - Pitching for Washington (APP) Nationals : RHP Gary Simmons
|
|
Batting: SHB Callum Lynch
|
0-0: Ball 1-0: Ball 2-0: Foul Ball, location: 2F 2-1: Ball 3-1: Base on Balls
|
|
Batting: RHB Danny Runberg
|
0-0: Ball 1-0: Ball 2-0: Foul Ball, location: 2F 2-1: Ball Callum Lynch steals 2nd base 3-1: Foul Ball, location: 2F 3-2: Strikes out swinging
|
|
Batting: RHB Frank Shaw
|
0-0: Ball 1-0: Foul Ball, location: 2F 1-1: Ball Wild Pitch! Callum Lynch to third 2-1: DOUBLE (Line Drive, 7LM, EV 108.1 MPH) Callum Lynch scores
|
|
Batting: RHB John Jones
|
0-0: Called Strike 0-1: Foul Ball, location: 2F 0-2: Ball 1-2: Ball 2-2: Foul Ball, location: 2F 2-2: Foul Ball, location: 2F 2-2: Foul Ball, location: 2F 2-2: Foul Ball, location: 2F 2-2: Foul Ball, location: 2F 2-2: Ball 3-2: Base on Balls
|
|
Batting: RHB Josh Jones
|
0-0: SINGLE (Line Drive, 56D, EV 96.2 MPH) Frank Shaw to third John Jones to second
|
|
Batting: RHB Steve Page
|
0-0: Reached on error, E6 (Groundball, 6, EV 90.0 MPH) Frank Shaw scores John Jones to third Josh Jones to second
|
|
Batting: RHB Kyle Holland
|
0-0: Ball 1-0: Ball 2-0: Called Strike 2-1: Fly out, F9 (Line Drive, 8RM, EV 91.9 MPH) Runner from 3rd tags up, SCORES, throw by RF
|
|
Batting: SHB Jason Evans
|
0-0: Ball 1-0: Ball 2-0: Ground out 1-3 (Groundball, P, EV 67.5 MPH)
|
| Bottom of the 3rd over - 3 runs, 2 hits, 1 error, 2 left on base; Washington (APP) 5 - Kingsport 3 |
| TOP OF THE 4TH |
|
Washington (APP) Nationals batting - Pitching for Kingsport Mets : RHP Danny Helm
|
|
Batting: RHB John Savard
|
0-0: Called Strike 0-1: SINGLE (Line Drive, 56, EV 103.1 MPH)
|
|
Batting: RHB Nick Moreno
|
0-0: Called Strike John Savard steals 2nd base 0-1: Swinging Strike 0-2: Strikes out swinging
|
|
Batting: RHB Jared Speck
|
0-0: Ball 1-0: Ball 2-0: Called Strike 2-1: Foul Ball, location: 2F 2-2: Foul Ball, location: 2F 2-2: Ball 3-2: Foul Ball, location: 2F 3-2: Fly out, F8 (Line Drive, 8LM, EV 100.6 MPH)
|
|
Batting: RHB Kevin Whitenack
|
0-0: Called Strike 0-1: Ball 1-1: Ball 2-1: Ball 3-1: Foul Ball, location: 2F 3-2: Strikes out swinging
|
| Top of the 4th over - 0 runs, 1 hit, 0 errors, 1 left on base; Washington (APP) 5 - Kingsport 3 |
| BOTTOM OF THE 4TH |
|
Kingsport Mets batting - Pitching for Washington (APP) Nationals : RHP Gary Simmons
|
|
Batting: RHB Jerry Burch
|
0-0: Called Strike 0-1: Ground out 3-1 (Groundball, 34, EV 88.8 MPH)
|
|
Batting: SHB Callum Lynch
|
0-0: Foul Ball, location: 2F 0-1: Foul Ball, location: 2F 0-2: Ball 1-2: Strikes out looking
|
|
Batting: RHB Danny Runberg
|
0-0: SINGLE (Groundball, 34D, EV 110.6 MPH)
|
|
Batting: RHB Frank Shaw
|
0-0: Ball 1-0: Called Strike 1-1: Ball 2-1: Swinging Strike 2-2: Strikes out swinging
|
| Bottom of the 4th over - 0 runs, 1 hit, 0 errors, 1 left on base; Washington (APP) 5 - Kingsport 3 |
| TOP OF THE 5TH |
|
Washington (APP) Nationals batting - Pitching for Kingsport Mets : RHP Danny Helm
|
|
Batting: RHB Jon Buscher
|
0-0: Called Strike 0-1: Ball 1-1: Foul Ball, location: 2F 1-2: Foul Ball, location: 2F 1-2: Strikes out swinging
|
|
Batting: RHB Steve Bauman
|
0-0: Called Strike 0-1: Fly out, F7 (Flyball, 78D, EV 85.6 MPH)
|
|
Batting: RHB Derek Moran
|
0-0: Called Strike 0-1: Swinging Strike 0-2: Ball 1-2: Strikes out looking
|
| Top of the 5th over - 0 runs, 0 hits, 0 errors, 0 left on base; Washington (APP) 5 - Kingsport 3 |
| BOTTOM OF THE 5TH |
|
Kingsport Mets batting - Pitching for Washington (APP) Nationals : RHP Gary Simmons
|
|
Batting: RHB John Jones
|
0-0: Ball 1-0: Ball 2-0: Bunt missed! 2-1: SINGLE (Line Drive, 8RS, EV 98.1 MPH)
|
|
Batting: RHB Josh Jones
|
0-0: TRIPLE (Flyball, 78XD, EV 105.0 MPH) John Jones scores
|
|
Batting: RHB Steve Page
|
0-0: Foul Ball, location: 2F 0-1: Ball 1-1: Ball 2-1: Foul Ball, location: 2F 2-2: Foul Ball, location: 2F 2-2: Fly out, F4 (Popup, 4, EV 53.8 MPH)
|
|
Batting: RHB Kyle Holland
|
0-0: Fly out, F9 (Flyball, 9, EV 87.5 MPH) Runner from 3rd tags up, SCORES, throw by RF
|
|
Batting: SHB Jason Evans
|
0-0: Ball 1-0: Fly out, F7 (Flyball, 7D, EV 105.6 MPH)
|
| Bottom of the 5th over - 2 runs, 2 hits, 0 errors, 0 left on base; Washington (APP) 5 - Kingsport 5 |
| TOP OF THE 6TH |
|
Washington (APP) Nationals batting - Pitching for Kingsport Mets : RHP Danny Helm
|
|
Batting: RHB Naofumi Ishida
|
0-0: Fly out, F8 (Flyball, 8RXD, EV 92.5 MPH)
|
|
Batting: RHB Brian Walker
|
0-0: SINGLE (Groundball, 4M, EV 109.4 MPH) (infield hit)
|
|
Batting: RHB John Savard
|
0-0: Ball 1-0: Called Strike 1-1: TRIPLE (Line Drive, 3D, EV 102.5 MPH) Brian Walker scores
|
|
Batting: RHB Nick Moreno
|
0-0: Called Strike 0-1: Called Strike 0-2: Ball 1-2: Ball 2-2: Strikes out swinging
|
|
Pitching: LHP Tony Diaz
|
|
|
Batting: RHB Jared Speck
|
0-0: Ball 1-0: Ball 2-0: Ball 3-0: Base on Balls
|
|
Batting: RHB Kevin Whitenack
|
0-0: Ball 1-0: Called Strike 1-1: Ball 2-1: Foul Ball, location: 2F 2-2: Fly out, F8 (Flyball, 8RD, EV 98.8 MPH)
|
| Top of the 6th over - 1 run, 2 hits, 0 errors, 2 left on base; Washington (APP) 6 - Kingsport 5 |
| BOTTOM OF THE 6TH |
|
Kingsport Mets batting - Pitching for Washington (APP) Nationals : RHP Gary Simmons
|
|
Pitching: LHP Johnny Busse
|
|
|
Batting: RHB Jerry Burch
|
0-0: Ball 1-0: Ball 2-0: Called Strike 2-1: Foul Ball, location: 2F 2-2: Ball 3-2: Base on Balls
|
|
Batting: SHB Callum Lynch
|
0-0: Foul Ball, location: 2F 0-1: SINGLE (Groundball, 56D, EV 101.2 MPH) Jerry Burch to second
|
|
Batting: RHB Danny Runberg
|
0-0: Fielders Choice at 2nd, 5-4 (Groundball, 56S, EV 84.4 MPH) Jerry Burch to third
|
|
Batting: RHB Frank Shaw
|
0-0: Foul Ball, location: 2F 0-1: Swinging Strike 0-2: Strikes out swinging
|
|
Batting: RHB John Jones
|
0-0: Foul Ball, location: 2F 0-1: 3-RUN HOME RUN (Flyball, 7LD, EV 92.5 MPH), Distance : 337 ft
|
|
Pitching: LHP Mike Montgomery
|
|
|
Batting: RHB Josh Jones
|
0-0: Called Strike 0-1: Ball 1-1: Ball 2-1: Foul Ball, location: 2F 2-2: Fly out, F3 (Popup, 3S, EV 70.6 MPH)
|
| Bottom of the 6th over - 3 runs, 2 hits, 0 errors, 0 left on base; Washington (APP) 6 - Kingsport 8 |
| TOP OF THE 7TH |
|
Washington (APP) Nationals batting - Pitching for Kingsport Mets : LHP Tony Diaz
|
|
Batting: RHB Jon Buscher
|
0-0: Ball 1-0: Ball 2-0: Ball 3-0: Called Strike 3-1: Base on Balls
|
|
Batting: RHB Steve Bauman
|
0-0: Bunt missed! 0-1: Bunt missed! 0-2: Ball 1-2: Fielders Choice at 2nd, 6-4 (Groundball, 6, EV 86.2 MPH)
|
|
Batting: RHB Derek Moran
|
0-0: DOUBLE (Line Drive, 7LS, EV 100.0 MPH) Steve Bauman to third
|
|
Batting: RHB Naofumi Ishida
|
0-0: Ball 1-0: Called Strike 1-1: Ball 2-1: Called Strike 2-2: Strikes out looking
|
|
Batting: RHB Brian Walker
|
0-0: Ground out 5-3 (Groundball, 56S, EV 81.9 MPH)
|
| Top of the 7th over - 0 runs, 1 hit, 0 errors, 2 left on base; Washington (APP) 6 - Kingsport 8 |
| BOTTOM OF THE 7TH |
|
Kingsport Mets batting - Pitching for Washington (APP) Nationals : LHP Mike Montgomery
|
|
Batting: RHB Steve Page
|
0-0: Called Strike 0-1: Ball 1-1: Swinging Strike 1-2: Strikes out looking
|
|
Batting: RHB Kyle Holland
|
0-0: Ball 1-0: Foul Ball, location: 2F 1-1: Ball 2-1: SOLO HOME RUN (Flyball, 7D, EV 100.0 MPH), Distance : 380 ft
|
|
Batting: SHB Jason Evans
|
0-0: Foul Ball, location: 2F 0-1: SINGLE (Flyball, 78S, EV 97.5 MPH)
|
|
Batting: RHB Jerry Burch
|
0-0: Foul Ball, location: 2F 0-1: Swinging Strike 0-2: Foul Ball, location: 2F 0-2: Ball 1-2: Fly out, F8 (Line Drive, 8LD, EV 98.1 MPH)
|
|
Batting: SHB Callum Lynch
|
0-0: Ball 1-0: Called Strike 1-1: Foul Ball, location: 2F 1-2: Ball 2-2: Ball 3-2: Foul Ball, location: 2F 3-2: Fly out, F8 (Flyball, 8RS, EV 72.5 MPH)
|
| Bottom of the 7th over - 1 run, 2 hits, 0 errors, 1 left on base; Washington (APP) 6 - Kingsport 9 |
| TOP OF THE 8TH |
|
Washington (APP) Nationals batting - Pitching for Kingsport Mets : LHP Tony Diaz
|
|
Pitching: LHP Mike Mathews
|
|
|
Batting: RHB John Savard
|
0-0: Swinging Strike 0-1: Ball 1-1: Swinging Strike 1-2: Strikes out swinging, 2-3 out at first.
|
|
Batting: RHB Nick Moreno
|
0-0: Foul Ball, location: 2F 0-1: Swinging Strike 0-2: Ball 1-2: Ball 2-2: Fly out, F6 (Popup, 6MD, EV 55.6 MPH)
|
|
Batting: RHB Jared Speck
|
0-0: Called Strike 0-1: SINGLE (Line Drive, 7S, EV 102.5 MPH)
|
|
Batting: RHB Kevin Whitenack
|
0-0: Foul Ball, location: 2F 0-1: Ball 1-1: Ball 2-1: Fly out, F9 (Flyball, 9S, EV 96.9 MPH)
|
| Top of the 8th over - 0 runs, 1 hit, 0 errors, 1 left on base; Washington (APP) 6 - Kingsport 9 |
| BOTTOM OF THE 8TH |
|
Kingsport Mets batting - Pitching for Washington (APP) Nationals : LHP Mike Montgomery
|
|
Pitching: RHP Brian Walker
|
|
|
Batting: RHB Danny Runberg
|
0-0: Ball 1-0: Ball 2-0: Swinging Strike 2-1: SINGLE (Line Drive, 7S, EV 90.6 MPH)
|
|
Batting: RHB Frank Shaw
|
0-0: Ball 1-0: Foul Ball, location: 2F 1-1: Ball 2-1: Called Strike 2-2: DOUBLE (Groundball, 5L, EV 105.0 MPH) Danny Runberg to third
|
|
Batting: RHB John Jones
|
0-0: Called Strike 0-1: Foul Ball, location: 2F 0-2: Ball 1-2: Ball 2-2: Foul Ball, location: 2F 2-2: Ball 3-2: Foul Ball, location: 2F 3-2: Fly out, F8 (Flyball, 8RS, EV 81.9 MPH)
|
|
Batting: RHB Josh Jones
|
0-0: SINGLE (Groundball, 4, EV 81.2 MPH) (infield hit) Danny Runberg scores Frank Shaw to third
|
|
Batting: RHB Steve Page
|
0-0: Ball 1-0: Called Strike 1-1: Called Strike 1-2: Ball 2-2: Strikes out swinging Josh Jones steals 2nd base (no throw) Batter strikes out.
|
|
Pitching: RHP Jason Beck
|
|
|
Batting: RHB Kyle Holland
|
0-0: Ball 1-0: Ball 2-0: Foul Ball, location: 2F 2-1: Called Strike 2-2: Fly out, F7 (Line Drive, 7, EV 93.1 MPH)
|
| Bottom of the 8th over - 1 run, 3 hits, 0 errors, 2 left on base; Washington (APP) 6 - Kingsport 10 |
| TOP OF THE 9TH |
|
Washington (APP) Nationals batting - Pitching for Kingsport Mets : LHP Mike Mathews
|
|
Pitching: RHP Jose Lara
|
|
|
Batting: RHB Jon Buscher
|
0-0: Ball 1-0: Called Strike 1-1: Ball 2-1: Ball 3-1: Foul Ball, location: 2F 3-2: Foul Ball, location: 2F 3-2: Strikes out looking
|
|
Batting: RHB Steve Bauman
|
0-0: Ball 1-0: Ball 2-0: SINGLE (Line Drive, 6D, EV 95.0 MPH)
|
|
Batting: RHB Derek Moran
|
0-0: Ball 1-0: Ball 2-0: Ball 3-0: Called Strike 3-1: Fielders Choice at 2nd, 5-4 (Groundball, 56, EV 108.1 MPH)
|
|
Batting: RHB Naofumi Ishida
|
0-0: Ball 1-0: DOUBLE (Line Drive, 7LS, EV 104.4 MPH) Derek Moran to third
|
|
Batting: RHB Brian Walker
|
0-0: Called Strike 0-1: Swinging Strike 0-2: Ball 1-2: Strikes out swinging
|
| Top of the 9th over - 0 runs, 2 hits, 0 errors, 2 left on base; Washington (APP) 6 - Kingsport 10 |
|